 Dungeon Crawl Stone Soup version 0.30-a0-591-g3c58d2bc28 (webtiles) character file.

Game seed: 8956663687103091470

438 Pooter the Digger (level 6, -1/53 HPs)
             Began as a Troll Earth Elementalist on Jan 4, 2023.
             Was an Initiate of Vehumet.
             Slain by a mummy (17 damage)
             ... in an ossuary.
             The game lasted 00:26:28 (3609 turns).

Pooter the Digger (Troll Earth Elementalist)        Turns: 3609, Time: 00:26:28

Health: -1/53      AC:  4    Str: 17    XL:     6   Next: 69%
Magic:  7/8        EV:  9    Int: 13    God:    Vehumet [......]
Gold:   19         SH:  0    Dex: 10    Spells: 3/9 levels left

rFire   . . .      SeeInvis .      - Unarmed
rCold   . . .      Faith    .    (no shield)
rNeg    . . .      Spirit   .    a - +0 robe
rPois   +          Reflect  .    (helmet restricted)
rElec   .          Harm     .    (no cloak)
rCorr   +          Rampage  .    (gloves unavailable)
Will    .....                    (boots unavailable)
Stlth   +                        (no amulet)
HPRegen 1.08/turn                P - ring of poison resistance
MPRegen 0.11/turn                C - ring of resist corrosion

@: no status effects
A: large, unfitting armour, claws 3, regeneration 1, shaggy fur 1, tough skin 1
a: Renounce Religion


You were in an ossuary.
You worshipped Vehumet.
Vehumet was noncommittal.
You visited 1 branch of the dungeon, and saw 5 of its levels.
You also visited: Ossuary.

You collected 117 gold pieces.
You spent 98 gold pieces at shops.

Inventory:

Hand Weapons
 b - a +3 sling of draining
   (You found it on level 4 of the Dungeon)
 e - a +0 scythe
   (You took it off Sigmund on level 2 of the Dungeon)
 k - a +0 war axe
   (You took it off a goblin on level 2 of the Dungeon)
 o - a +2 flail of protection
   (You took it off Terence on level 2 of the Dungeon)
Missiles
 m - 10 poisoned darts (quivered)
 Q - 32 stones
Armour
 a - a +0 robe (worn)
 h - a +0 tower shield
   (You found it on level 2 of the Dungeon)
Jewellery
 C - a ring of resist corrosion (right claw)
   (You found it on level 3 of the Dungeon)
 P - a ring of poison resistance (left claw)
   (You found it on level 1 of the Dungeon)
Scrolls
 d - 2 scrolls of noise {!r}
 f - a scroll of magic mapping
 g - a scroll of fog {unknown}
 j - a scroll of enchant armour
 l - a scroll of poison
 p - a scroll of fear {unknown}
 r - 2 scrolls of amnesia {unknown}
 t - a scroll of teleportation {@r4}
 x - a scroll of blinking {unknown}
Potions
 c - a potion of brilliance
 n - a potion of lignification {unknown}
 q - 2 potions of heal wounds {@q2}
 s - a potion of curing {unknown}
 u - a potion of magic
 v - a potion of ambrosia {unknown}
 w - 2 potions of flight {unknown}


   Skills:
 + Level 0.2 Fighting
 - Level 1.5 Dodging
 - Level 1.0 Stealth
 * Level 3.3 Unarmed Combat
 + Level 2.0 Spellcasting
 + Level 1.9 Transmutations
 * Level 1.2 Fire Magic
 + Level 4.3 Earth Magic
 + Level 1.2 Poison Magic


You had 3 spell levels left.
You knew the following spells:

 Your Spells              Type           Power      Damage    Failure   Level
a - Sandblast             Erth           24%        2d8       4%          1
b - Passwall              Tmut/Erth      7%         N/A       11%         2
c - Ignite Poison         Fire/Tmut/Pois 5%         N/A       38%         3

Your spell library contained the following spells:

 Spells                   Type           Power      Damage    Failure   Level
 Stone Arrow              Conj/Erth      12%        3d7       32%         3
 Petrify                  Tmut/Erth      9%         N/A       56%         4
 Sticky Flame             Conj/Fire      2%         2d3       89%         4
 Ignition                 Fire           2%         3d3       100%        8


Dungeon Overview and Level Annotations

Branches:
Dungeon (5/15)            Ossuary (1/1)
 Temple: D:4-7

Altars:
Ashenzari
Fedhas
Gozag
Kikubaaqudgha
Makhleb
Vehumet

Shops:
D:4 (?


Innate Abilities, Weirdness & Mutations

You are too large for most types of armour.
You have claws for hands.
Your natural rate of healing is unusually fast.
You are covered in fur. (AC +1)
You have tough skin. (AC +1)


Message History

The sling bullet closely misses the hobgoblin.
The hobgoblin barely misses you.
You shoot a sling bullet. The sling bullet hits the hobgoblin.
You kill the hobgoblin!
Vehumet accepts your kill.
Found a stone staircase leading up.
Found a golden potion.
w - 2 golden potions (gained 1)
Found a scale mail.
Found a broken altar of Ashenzari.
Found a stone staircase leading down.
Found a stone staircase leading up.
Done exploring.
There is a stone staircase leading down here.
You climb downwards.
You hear the hiss of flowing sand.
There is an entrance to an ossuary on this level.
Hurry and find it before the portal is buried!
There is a stone staircase leading up here.
As you read the scroll of magic mapping, it crumbles to dust.
You feel aware of your surroundings.
You sensed 4 altars, and 1 shop/portal.
As you read the scroll of teleportation {@r4}, it crumbles to dust.
You feel strangely unstable.
Your surroundings suddenly seem different.
Found a flail and 29 gold pieces.
Found a sand-covered staircase.
You see here a +0 flail.
There is a sand-covered staircase here.
The world spins around you as you enter the gateway.
You enter an ossuary!
Found a gate leading back out of this place.
There is an empty arch of ancient stone here.
You shoot a sling bullet.
The sling bullet hits the mummy but does no damage.
You shoot a sling bullet. The sling bullet hits the mummy.
You shoot a sling bullet. The sling bullet hits the mummy.
You shoot a sling bullet. The sling bullet hits the mummy!
You shoot a sling bullet. The sling bullet hits the mummy.
The mummy hits you! The mummy barely misses you.
You are now empty-clawed.
You scratch the mummy.
You destroy the mummy!
Vehumet accepts your kill. The mummy hits you! The mummy hits you.
You are too injured to fight recklessly!
Aim: a mummy (91% to hit)
The blast of sand hits the mummy but does no damage.
The mummy hits you!
* * * LOW HITPOINT WARNING * * *
Unknown command.
You barely miss the mummy. The mummy hits you!
You die...

#####
##...##
#.....#
#.....#
#.....#
#..MM.#
#..@..#
#.....#
#..∩..#
#.....#
#^....#
#.....#
.......
##.^...##


You could see 2 mummies.

Vanquished Creatures
  Sigmund (D:2)
  A scorpion (D:4)
  Terence (D:2)
  An iguana (D:4)
  A mummy (Ossuary)
  4 gnolls (D:2)
  3 adders
  A shadow imp (D:4)
  A worm (D:2)
  A dart slug (D:1)
  4 orcs
  4 ball pythons
  7 bats
  4 endoplasms
  A giant cockroach (D:4)
  11 hobgoblins
  2 jackals (D:1)
  6 kobolds
  3 quokkas
  4 frilled lizards
  10 goblins
  3 rats
74 creatures vanquished.

Notes
Turn   | Place    | Note
-------+----------+-------------------------------------------
     0 | D:1      | Pooter the Troll Earth Elementalist began the quest for the
                  | Orb.
     0 | D:1      | Reached XP level 1. HP: 16/16 MP: 1/1
   289 | D:1      | Reached XP level 2. HP: 24/24 MP: 3/3
   298 | D:1      | Learned a level 2 spell: Passwall
   423 | D:1      | Reached skill level 3 in Earth Magic
   462 | D:1      | Reached skill level 1 in Unarmed Combat
   727 | D:1      | Reached skill level 1 in Transmutations
  1056 | D:2      | Reached XP level 3. HP: 24/31 MP: 4/4
  1310 | D:2      | Reached XP level 4. HP: 17/39 MP: 2/5
  1341 | D:1      | Learned a level 3 spell: Ignite Poison
  1428 | D:2      | Noticed Sigmund
  1473 | D:2      | Killed Sigmund
  1474 | D:2      | Reached XP level 5. HP: 33/45 MP: 6/6
  2019 | D:3      | Noticed Terence
  2024 | D:2      | Reached skill level 4 in Earth Magic
  2150 | D:2      | Killed Terence
  2151 | D:2      | Reached XP level 6. HP: 15/53 MP: 4/7
  2270 | D:3      | Found a blossoming altar of Fedhas.
  2681 | D:3      | Found an opulent altar of Gozag.
  2811 | D:3      | Found an ancient bone altar of Kikubaaqudgha.
  2811 | D:3      | Found a burning altar of Makhleb.
  2929 | D:4      | Reached skill level 1 in Poison Magic
  3061 | D:4      | Found Soitogg's Book Boutique.
  3101 | D:4      | Found Omiygioc's Antique Weapon Emporium.
  3171 | D:4      | Reached skill level 1 in Fire Magic
  3281 | D:4      | Found Xiehaed's Magic Scroll Shop.
  3291 | D:4      | Bought a scroll of identify for 28 gold pieces
  3291 | D:4      | Bought a scroll of identify for 28 gold pieces
  3291 | D:4      | Bought a scroll of teleportation for 42 gold pieces
  3312 | D:4      | Found a radiant altar of Vehumet.
  3320 | D:4      | Became a worshipper of Vehumet
  3369 | D:4      | Found a broken altar of Ashenzari.
  3587 | D:5      | Entered Level 5 of the Dungeon
  3593 | D:5      | Found a sand-covered staircase.
  3600 | Ossuary  | Entered an ossuary
  3609 | Ossuary  | Slain by a mummy

Illustrated notes

Levels and vault maps discovered:
D:1:      dpeg_arrival_castle, layout_loops_ring
D:2:      minmay_evil_eye, layout_loops_corners, uniq_sigmund
D:3:      layout_rooms, fedhas_altar_2, nicolae_gozag_seed_capital,
          amethyst_overflow_temple_binary, uniq_terence
D:4:      layout_basic, mainiacjoe_overflow_tiny_flanked,
          mainiacjoe_overflow_alcove_2, serial_shops, nicolae_lakefront_shop,
          shop, kennysheep_mini
D:5:      layout_basic, nicolae_qazlal_style_of_elements,
          grunt_dithmenos_smoke_and_mirrors,
          mainiacjoe_overflow_six_doors_small, nicolae_ru_sacrificial_ziggurat,
          nicolae_ossuary_entry_monument, st_stairs_11
Ossuary:  ossuary_the_hunt_dpeg

Skill      XL: |  1  2  3  4  5  6 |
---------------+-------------------+-----
Earth Magic    | 3 4 |  4.3
Unarmed Combat | 1 2 3 |  3.3
Transmutations | 1 |  1.9
Poison Magic   | 1 |  1.2
Fire Magic     | 1 |  1.2
Spellcasting   | 2 |  2.0
Fighting       | |  0.2
Dodging        | |  1.5
Stealth        | |  1.0

Action                   |  1- 3 |  4- 6 || total
-------------------------+-------+-------++-------
Melee: Unarmed           |    44 |   107 ||   151
       Punch             |       |     1 ||     1
 Fire: Sling             |       |    35 ||    35
Throw: Dart              |    15 |    29 ||    44
 Cast: Sandblast         |    23 |    26 ||    49
  Use: Potion            |       |     3 ||     3
       Scroll            |       |     7 ||     7
 Stab: Sleeping          |     1 |       ||     1
Armor: Robe              |    16 |    28 ||    44
Dodge: Dodged            |    29 |    36 ||    65

Table legend: (Time is in decaauts)
 A = Elapsed time spent in this place.
 B = Non-inter-level travel time spent in this place.
 C = Inter-level travel time spent in this place.
 D = Time resting spent in this place.
 E = Time spent auto-exploring this place.
 F = Levels seen in this place.
 G = Mean time per level.
                   A        B        C        D        E       F      G
               +--------+--------+--------+--------+--------+-----+--------+
         Total |   3638 |   3564 |     74 |    430 |   2339 |   6 |  606.3 |
       Dungeon |   3627 |   3553 |     74 |    430 |   2339 |   5 |  725.4 |
       Ossuary |     10 |     10 |      0 |      0 |      0 |   1 |   10.0 |
               +--------+--------+--------+--------+--------+-----+--------+

Top non-repeatable levels by time:
     D:2: 1321 daAuts
     D:1: 876 daAuts
     D:3: 717 daAuts
     D:4: 699 daAuts
     D:5: 12 daAuts
 Ossuary: 10 daAuts
